[Event "January 9 Late 2024"]
[Site "https://www.chess.com"]
[Date "2024.01.09"]
[Round "2"]
[White "Kraiouchkine, Nikita"]
[Black "Gerbelli Neto, Eduardo"]
[Result "1-0"]
[Board "151"]
[TimeControl "180+1"]
[WhiteFideId "2607140"]
[BlackFideId "2103281"]
[WhiteElo "2610"]
[BlackElo "2371"]
[WhiteTeam "CAN"]
[BlackTeam "BRA"]
[WhiteClock "0:01:43"]
[BlackClock "0:00:33"]

1. e4 e5 2. Nf3 Nc6 3. Nc3 Nf6 4. d4 exd4 5. Nd5 Nb4 6. Bc4 Nbxd5 7. exd5 Bb4+ 8. Bd2 Qe7+ 9. Qe2 Bxd2+ 10. Kxd2 Qxe2+ 11. Kxe2 d6 12. Nxd4 O-O 13. f3 Bd7 14. Rhe1 c6 15. dxc6 bxc6 16. Kf2 d5 17. Ba6 Rab8 18. Nb3 Bf5 19. c3 Rfe8 20. Rxe8+ Nxe8 21. Re1 Kf8 22. Re2 Nc7 23. Nc5 Rb6 24. Bd3 Bxd3 25. Nxd3 Ne6 26. Ne5 Ra6 27. b3 f6 28. Nd7+ Kf7 29. Rxe6 1-0

[Event "January 9 Late 2024"]
[Site "https://www.chess.com"]
[Date "2024.01.09"]
[Round "2"]
[White "Golubev, Mikhail"]
[Black "Sanchez Alvares, Kelvin Antonio"]
[Result "1-0"]
[Board "152"]
[TimeControl "180+1"]
[WhiteFideId "14100983"]
[BlackFideId "3906680"]
[WhiteElo "2597"]
[BlackElo "2369"]
[WhiteTeam "UKR"]
[BlackTeam "VEN"]
[WhiteClock "0:00:42"]
[BlackClock "0:00:34"]

1. e4 c5 2. Nf3 e6 3. d4 cxd4 4. Nxd4 Nc6 5. Nc3 Qc7 6. Be3 a6 7. Bd3 Nf6 8. O-O Be7 9. f4 d6 10. Kh1 Nxd4 11. Bxd4 e5 12. Be3 O-O 13. Qf3 b5 14. fxe5 dxe5 15. Nd5 Nxd5 16. exd5 Bb7 17. Qh3 g6 18. Bh6 Rfe8 19. Rxf7 Bxd5 20. Rg7+ Kh8 21. Bxg6 Bg8 22. Rf1 hxg6 23. Bg5+ Kxg7 24. Qh6# 1-0

[Event "January 9 Late 2024"]
[Site "https://www.chess.com"]
[Date "2024.01.09"]
[Round "2"]
[White "Womacka, Mathias"]
[Black "Albuquerque Junior,Wellington S."]
[Result "1-0"]
[Board "153"]
[TimeControl "180+1"]
[WhiteFideId "4611390"]
[BlackFideId "2151480"]
[WhiteElo "2582"]
[BlackElo "2366"]
[WhiteTeam "GER"]
[BlackTeam "BRA"]
[WhiteClock "0:01:27"]
[BlackClock "0:00:04"]

1. e4 c5 2. Nf3 d6 3. d4 cxd4 4. Nxd4 Nf6 5. Nc3 Nc6 6. Be2 e6 7. O-O Be7 8. Be3 a6 9. f4 Qc7 10. Kh1 O-O 11. Qe1 Bd7 12. Qg3 Kh8 13. Rad1 Rac8 14. e5 dxe5 15. fxe5 Qxe5 16. Bf4 Qa5 17. Nb3 Qb6 18. Bg5 Be8 19. Qh4 Qb4 20. Rf4 Qb6 21. Bd3 Rd8 22. Bxf6 Rxd3 23. Rxd3 Bxf6 24. Rxf6 Ne5 25. Rh3 1-0

[Event "January 9 Late 2024"]
[Site "https://www.chess.com"]
[Date "2024.01.09"]
[Round "2"]
[White "Kashefi, Amir Hosein"]
[Black "Atanejhad, Sahebali"]
[Result "0-1"]
[Board "154"]
[TimeControl "180+1"]
[WhiteFideId "12557935"]
[BlackFideId "12506664"]
[WhiteElo "2578"]
[BlackElo "2364"]
[WhiteTeam "IRI"]
[BlackTeam "IRI"]
[WhiteClock "0:00:00"]
[BlackClock "0:00:35"]

1. g3 Nf6 2. Bg2 g6 3. b3 Bg7 4. Bb2 O-O 5. c4 d6 6. d3 c6 7. Nd2 e5 8. Ngf3 h6 9. O-O Bg4 10. Rc1 Nbd7 11. Rc2 Re8 12. Qa1 a5 13. h3 Be6 14. a3 Rb8 15. Rd1 Nh7 16. Bc3 c5 17. a4 b6 18. Nf1 Rc8 19. Rcd2 Nb8 20. Ne3 Nc6 21. Kh2 Nd4 22. Qb2 Qd7 23. Ng1 Kh8 24. Nd5 Rb8 25. e3 Nc6 26. Ne2 Nb4 27. Qc1 f5 28. d4 Bxd5 29. cxd5 e4 30. dxc5 bxc5 31. Nf4 Qf7 32. Ne6 Bxc3 33. Qxc3+ Qf6 34. Qc4 Qe5 35. Bf1 Nf6 36. Nf4 Kg7 37. Qc1 g5 38. Ne6+ Rxe6 39. dxe6 Rd8 40. Bc4 h5 41. Qa1 Qxa1 42. Rxa1 d5 43. Bb5 Kf8 44. Rc1 Rc8 45. h4 g4 46. Bd7 Rc7 47. Kg2 Ke7 48. Kf1 Nxd7 49. exd7 Kxd7 50. Ke2 Kd6 51. Rcd1 Ke5 52. Rc2 Rc6 53. Rb2 d4 54. Rbd2 d3+ 55. Kf1 Nd5 56. Rc1 Kd6 57. Rb2 Rb6 58. Ke1 Rb4 59. Kd2 Nb6 60. Rcb1 c4 61. Rc1 cxb3 62. Kc3 Nxa4+ 0-1

[Event "January 9 Late 2024"]
[Site "https://www.chess.com"]
[Date "2024.01.09"]
[Round "2"]
[White "Coca Cubillos, Jesus Alberto"]
[Black "Semenenko, Dmytry"]
[Result "0-1"]
[Board "155"]
[TimeControl "180+1"]
[WhiteFideId "4462912"]
[BlackFideId "14118645"]
[WhiteElo "2561"]
[BlackElo "2362"]
[WhiteTeam "COL"]
[BlackTeam "UKR"]
[WhiteClock "0:00:22"]
[BlackClock "0:00:09"]

1. f4 e5 2. fxe5 d6 3. exd6 Bxd6 4. Nf3 g5 5. d4 g4 6. Ng5 Nc6 7. c3 Bf5 8. e4 Qe7 9. Bd3 h6 10. Nxf7 Qh4+ 11. Ke2 Kxf7 12. Qf1 Nge7 13. e5 Kg6 14. exd6 cxd6 15. g3 Qf6 16. Bxf5+ Nxf5 17. Qf4 Qe6+ 18. Kd1 Rae8 19. Bd2 Qe2+ 20. Kc1 Re4 21. Qf1 Rhe8 22. Na3 Qxf1+ 23. Rxf1 Re2 24. Rh1 Rg2 25. Kc2 Ree2 26. Rad1 Ne3+ 27. Kd3 Nxd1 28. Rxd1 Rxh2 29. Nc4 d5 30. Ne3 h5 31. Nxd5 Ref2 32. b4 Rf3+ 33. Kc4 Rxg3 34. Bf4 Rgg2 35. Bxh2 Rxh2 36. b5 Na5+ 37. Kb4 b6 38. Re1 Rxa2 39. c4 Rb2+ 40. Ka4 Nxc4 41. Ne7+ Kg5 42. Nc6 g3 43. d5 h4 44. Ne5 Nxe5 45. Rxe5+ Kf4 46. Re8 g2 47. Rg8 h3 48. d6 Rd2 49. Kb4 h2 50. d7 Rxd7 51. Rxg2 h1=Q 0-1

[Event "January 9 Late 2024"]
[Site "https://www.chess.com"]
[Date "2024.01.09"]
[Round "2"]
[White "Luukkonen, Tommi"]
[Black "Erzhanov, Arman"]
[Result "0-1"]
[Board "157"]
[TimeControl "180+1"]
[WhiteFideId "501808"]
[BlackFideId "4138821"]
[WhiteElo "2359"]
[BlackElo "2551"]
[WhiteTeam "FIN"]
[BlackTeam "KAZ"]
[WhiteClock "0:00:10"]
[BlackClock "0:01:06"]

1. d4 d6 2. e4 Nf6 3. Nc3 c6 4. f4 d5 5. e5 Ng8 6. Nf3 g6 7. Bd3 h5 8. Ne2 Nh6 9. O-O Bg4 10. h3 Bf5 11. Ng5 e6 12. Ng3 Bxd3 13. Qxd3 h4 14. Nh1 Nf5 15. Nf2 Be7 16. Nf3 Nd7 17. c3 c5 18. Kh2 Qb6 19. a3 cxd4 20. cxd4 Rc8 21. Bd2 Kf8 22. Bc3 Kg7 23. Ng4 Rc4 24. Rae1 Rhc8 25. Ne3 Ng3 26. f5 Nxf5 27. Nxf5+ gxf5 28. Rg1 Rg8 29. Qe3 Nf8 30. g3 hxg3+ 31. Rxg3+ Ng6 32. h4 Rh8 33. Kg2 Kf8 34. Rxg6 fxg6 35. Rh1 Qb3 36. Ng5 Qc2+ 37. Kg3 Rc6 38. Rf1 Ke8 39. Rf2 Qd1 40. Nf3 Bxh4+ 41. Nxh4 Qg4+ 0-1

[Event "January 9 Late 2024"]
[Site "https://www.chess.com"]
[Date "2024.01.09"]
[Round "2"]
[White "Van Dael, Siem"]
[Black "Bernat, David"]
[Result "1-0"]
[Board "158"]
[TimeControl "180+1"]
[WhiteFideId "1049771"]
[BlackFideId "2099225"]
[WhiteElo "2550"]
[BlackElo "2359"]
[WhiteTeam "NED"]
[BlackTeam "USA"]
[WhiteClock "0:00:15"]
[BlackClock "0:00:28"]

1. e4 c5 2. Nf3 g6 3. d4 cxd4 4. Nxd4 Nc6 5. c4 Nf6 6. Nc3 d6 7. Be2 Nxd4 8. Qxd4 Bg7 9. Bg5 O-O 10. Qd2 Be6 11. f3 Qa5 12. Rc1 Rfc8 13. b3 a6 14. Nd5 Qxd2+ 15. Kxd2 Nxd5 16. cxd5 Bd7 17. a4 f5 18. Bd3 fxe4 19. Bxe4 Bf6 20. Bxf6 exf6 21. h4 b5 22. a5 Rc5 23. b4 Rxc1 24. Rxc1 Rc8 25. Rxc8+ Bxc8 26. Ke3 Kf7 27. Kf4 Bb7 28. g4 Ba8 29. Ke3 h6 30. Kd4 Bb7 31. h5 gxh5 32. gxh5 Bc8 33. Bg6+ Kg7 34. Ke4 Bd7 35. Bf5 Be8 36. Bc8 Bxh5 37. Bxa6 Bg6+ 38. Kd4 Kf7 39. Bxb5 Ke7 40. a6 1-0

[Event "January 9 Late 2024"]
[Site "https://www.chess.com"]
[Date "2024.01.09"]
[Round "2"]
[White "Ward, Ieuan C"]
[Black "Carnicelli, Valerio"]
[Result "0-1"]
[Board "159"]
[TimeControl "180+1"]
[WhiteFideId "406627"]
[BlackFideId "856185"]
[WhiteElo "2357"]
[BlackElo "2550"]
[WhiteTeam "ENG"]
[BlackTeam "ITA"]
[WhiteClock "0:00:42"]
[BlackClock "0:01:04"]

1. e4 c5 2. Nf3 d6 3. d4 cxd4 4. Qxd4 Nc6 5. Bb5 Bd7 6. Bxc6 Bxc6 7. c4 Nf6 8. Nc3 g6 9. O-O Bg7 10. Re1 O-O 11. Qd3 Nd7 12. Be3 Nc5 13. Qc2 a5 14. Bd4 Bxd4 15. Nxd4 e5 16. Ndb5 Bxb5 17. Nxb5 Qb6 18. Rad1 Rad8 19. Re2 f5 20. exf5 Rxf5 21. Red2 Rf6 22. Nc3 Qc6 23. Nd5 Rf7 24. b3 Rdf8 25. a3 Ne6 26. Qc3 Nd4 27. Rxd4 exd4 28. Qxd4 Qc5 29. Qxc5 dxc5 30. f3 Kg7 31. Kf2 Rd7 32. Re1 b5 33. Re6 a4 34. Nb6 Rd2+ 35. Ke3 Rxg2 36. cxb5 axb3 0-1

[Event "January 9 Late 2024"]
[Site "https://www.chess.com"]
[Date "2024.01.09"]
[Round "2"]
[White "Rios Escobar, Adan"]
[Black "Grycel, Kamil"]
[Result "1/2-1/2"]
[Board "160"]
[TimeControl "180+1"]
[WhiteFideId "3403645"]
[BlackFideId "1115499"]
[WhiteElo "2355"]
[BlackElo "2549"]
[WhiteTeam "CHI"]
[BlackTeam "POL"]
[WhiteClock "0:00:03"]
[BlackClock "0:01:05"]

1. d4 d6 2. g3 e5 3. dxe5 dxe5 4. Qxd8+ Kxd8 5. Nc3 c6 6. f4 Nd7 7. Nf3 f6 8. Bd2 Kc7 9. O-O-O Ne7 10. fxe5 Nxe5 11. Nxe5 fxe5 12. Ne4 Bf5 13. Ng5 Ng6 14. Bc3 Re8 15. h4 h5 16. Bg2 Bc5 17. Kb1 Bg4 18. Bf3 Bxf3 19. exf3 Bf2 20. Ne4 Bb6 21. a4 a5 22. Rd3 Rd8 23. Rhd1 Rxd3 24. Rxd3 Rd8 25. Rxd8 Kxd8 26. Nd6 Bf2 27. Nf7+ Kc8 28. Nxe5 Ne7 29. g4 hxg4 30. fxg4 Bxh4 31. Bxa5 Nd5 32. Bd2 Bg3 33. Nc4 Kd7 34. a5 Ke6 35. b4 Nf6 36. g5 Ne4 37. Kb2 Bh4 38. g6 Bf6+ 39. Kb3 Kf5 40. Be3 Kxg6 41. Na3 Kf7 42. c4 g5 43. b5 cxb5 44. cxb5 g4 45. a6 bxa6 46. bxa6 Nd2+ 47. Bxd2 Bd4 48. Nb5 Bg1 49. Bf4 Ke6 50. a7 Bxa7 51. Nxa7 Kf5 52. Bg3 Ke4 53. Nc6 Kf3 54. Bd6 g3 55. Ne5+ Kf2 56. Bc5+ Kf1 57. Nf3 g2 58. Ng1 Ke1 59. Kc4 Kf1 60. Bd4 Ke1 61. Kd5 Kf1 62. Ke4 Ke1 63. Be3 Kf1 64. Kf3 Ke1 65. Kxg2 Kd1 66. Kf3 Kc2 67. Ke4 Kb3 68. Kd4 Kc2 69. Nf3 Kd1 70. Ne5 Ke2 71. Ke4 Kd1 72. Bd4 Kc1 73. Kd3 Kd1 74. Bc3 Kc1 75. Bd4 Kb1 76. Kc3 Ka2 77. Be3 Ka3 78. Nc4+ Ka4 79. Nd6 Ka5 80. Kc4 Ka6 81. Kc5 Ka5 82. Nc4+ Ka4 83. Bd4 Kb3 84. Ne5 Kc2 85. Kc4 Kd1 86. Kd3 Ke1 87. Ke3 Kf1 88. Ng4 Kg2 89. Nf2 Kg3 90. Be5+ Kh4 91. Kf3 Kh5 92. Ne4 Kg6 93. Kf4 Kf7 94. Kf5 Ke8 95. Ke6 Kd8 96. Nc5 Kc8 97. Kd6 Kb8 98. Kc6+ Kc8 99. Bf6 Kb8 100. Nd7+ Ka7 101. Nb6 Ka6 102. Bd8 Ka5 103. Bc7 Ka6 104. Bb8 Ka5 105. Nd5 Ka4 106. Kc5 Kb3 107. Bc7 Kc2 108. Bf4 Kd1 109. Ne3+ Ke2 110. Kd4 Kf3 111. Ke5 Ke2 112. Ke4 Ke1 113. Nd5 Kf2 114. Be3+ Kg3 115. Nc3 1/2-1/2

[Event "January 9 Late 2024"]
[Site "https://www.chess.com"]
[Date "2024.01.09"]
[Round "2"]
[White "Gao, Raymond"]
[Black "Aggelis, Nikolaos"]
[Result "1-0"]
[Board "161"]
[TimeControl "180+1"]
[WhiteFideId "2629429"]
[BlackFideId "4213220"]
[WhiteElo "2355"]
[BlackElo "2547"]
[WhiteTeam "CAN"]
[BlackTeam "GRE"]
[WhiteClock "0:00:11"]
[BlackClock "0:00:00"]

1. e4 c6 2. Nf3 d5 3. Nc3 Bg4 4. h3 Bxf3 5. Qxf3 e6 6. g3 Nd7 7. Bg2 Bc5 8. O-O Ne7 9. Qd1 Qc7 10. d4 Bb4 11. Ne2 dxe4 12. Bxe4 O-O 13. c3 Bd6 14. Bc2 e5 15. Qd3 f5 16. Be3 e4 17. Qd2 Nd5 18. Bb3 Kh8 19. Bxd5 cxd5 20. Nf4 Bxf4 21. Bxf4 Qc6 22. a3 b5 23. Kg2 Nb6 24. h4 Nc4 25. Qe2 a5 26. h5 Rae8 27. h6 g6 28. b3 Nb6 29. Rfc1 a4 30. Rab1 axb3 31. Rxb3 Nc4 32. Rcb1 Kg8 33. Rxb5 Nxa3 34. Rb6 Qxc3 35. R1b3 Qc4 36. Qb2 Nc2 37. Rc3 Ne1+ 38. Kg1 Nf3+ 39. Kg2 Qxd4 40. Rb7 1-0

[Event "January 9 Late 2024"]
[Site "https://www.chess.com"]
[Date "2024.01.09"]
[Round "2"]
[White "Rosenberg, Evan S"]
[Black "Yurasov, Matfey"]
[Result "0-1"]
[Board "162"]
[TimeControl "180+1"]
[WhiteFideId "2019299"]
[BlackFideId "55617603"]
[WhiteElo "2353"]
[BlackElo "2547"]
[WhiteTeam "USA"]
[BlackTeam "FID"]
[WhiteClock "0:00:00"]
[BlackClock "0:01:10"]

1. e4 e5 2. Nf3 Nf6 3. Nc3 Bb4 4. Bc4 O-O 5. O-O Nxe4 6. Nxe4 d5 7. Nxe5 dxe4 8. Qh5 Qf6 9. d4 exd3 10. cxd3 Bd6 11. d4 h6 12. Bd2 Be6 13. Bd3 Nc6 14. Nxc6 bxc6 15. Bc3 Qf4 16. g3 Bg4 17. Qh4 Qf3 18. Rae1 Rfe8 19. h3 Bxh3 20. Qxh3 Qxd3 21. Qd7 Rxe1 22. Rxe1 Qf3 23. Re3 Qd5 24. b3 a5 25. Re8+ Rxe8 26. Qxe8+ Kh7 27. Qa8 h5 28. Qxa5 Qf3 29. Qg5 f6 30. Qd2 h4 31. gxh4 Qh3 0-1

[Event "January 9 Late 2024"]
[Site "https://www.chess.com"]
[Date "2024.01.09"]
[Round "2"]
[White "Srdanovic, Jovana"]
[Black "Harriott, Tyrell"]
[Result "1-0"]
[Board "163"]
[TimeControl "180+1"]
[WhiteFideId "954810"]
[BlackFideId "2086484"]
[WhiteElo "2547"]
[BlackElo "2351"]
[WhiteTeam "SRB"]
[BlackTeam "USA"]
[WhiteClock "0:00:39"]
[BlackClock "0:00:05"]

1. d4 e6 2. c4 d5 3. Nc3 f5 4. g3 c6 5. Bg2 Bd6 6. Nf3 Nf6 7. O-O O-O 8. c5 Bc7 9. b4 a6 10. a4 Nbd7 11. Bf4 Bxf4 12. gxf4 Ne4 13. Qb3 Kh8 14. b5 Rg8 15. Nxe4 fxe4 16. Ng5 Qf6 17. Qh3 h6 18. e3 Re8 19. Qh5 Re7 20. f3 Kg8 21. fxe4 Nf8 22. bxc6 bxc6 23. Rab1 a5 24. e5 Qg6 25. Qxg6 Nxg6 26. Nf3 Ba6 27. Rf2 Bd3 28. Rb6 Rc7 29. Rfb2 Raa7 30. Bh3 Kf7 31. Ne1 Be4 32. Kf2 Nh4 33. Bg4 g5 34. fxg5 hxg5 35. Rb8 Kg7 36. Bxe6 Re7 37. Bg4 Rf7+ 38. Ke2 Rfe7 39. R2b6 Rec7 40. Nf3 Nxf3 41. Bxf3 Bf5 42. Rd8 g4 43. Bg2 Rf7 44. Rxc6 Bc8 45. Rcxc8 Rab7 46. Rb8 Rbe7 47. c6 Kh6 48. Rh8+ Kg6 49. Rhg8+ Kf5 50. Bxd5 Rh7 51. Rbf8+ 1-0

[Event "January 9 Late 2024"]
[Site "https://www.chess.com"]
[Date "2024.01.09"]
[Round "2"]
[White "Aliakbarov, Anar"]
[Black "Filipovic, Slobodan J"]
[Result "1-0"]
[Board "164"]
[TimeControl "180+1"]
[WhiteFideId "13401858"]
[BlackFideId "939633"]
[WhiteElo "2546"]
[BlackElo "2351"]
[WhiteTeam "TUR"]
[BlackTeam "SRB"]
[WhiteClock "0:00:10"]
[BlackClock "0:00:17"]

1. d4 Nf6 2. c4 e6 3. Nf3 c5 4. d5 d6 5. g3 exd5 6. cxd5 g6 7. Bg2 Bg7 8. Nc3 O-O 9. O-O Re8 10. Nd2 h6 11. h3 g5 12. Nc4 a6 13. a4 Bf5 14. Qb3 Qc7 15. Re1 Nbd7 16. e4 Bg6 17. f4 Nxe4 18. Nxe4 f5 19. Ncxd6 fxe4 20. Nxe8 Rxe8 21. fxg5 Bd4+ 22. Kh2 Qd6 23. Bf4 Ne5 24. Bxe4 c4 25. Qc2 Nf3+ 26. Bxf3 Rxe1 27. Rxe1 Bxc2 28. Bxd6 Bxb2 29. Be5 c3 30. d6 Bxa4 31. Bd5+ Kh7 32. Re3 hxg5 33. Bxc3 Bc1 34. Re7+ Kg6 35. d7 Bxd7 36. Rxd7 Kf5 37. Rxb7 Be3 38. Rf7+ Kg6 39. Rf6+ Kh5 40. g4+ Kh4 41. Rh6# 1-0

[Event "January 9 Late 2024"]
[Site "https://www.chess.com"]
[Date "2024.01.09"]
[Round "2"]
[White "Korol, Dimitry"]
[Black "Pasti, Aron"]
[Result "0-1"]
[Board "165"]
[TimeControl "180+1"]
[WhiteFideId "14108003"]
[BlackFideId "785857"]
[WhiteElo "2345"]
[BlackElo "2546"]
[WhiteTeam "UKR"]
[BlackTeam "HUN"]
[WhiteClock "0:00:00"]
[BlackClock "0:00:30"]

1. d4 Nf6 2. c4 e6 3. Nc3 Bb4 4. Qc2 O-O 5. e4 c5 6. e5 cxd4 7. a3 Qa5 8. axb4 Qxa1 9. exf6 dxc3 10. fxg7 Rd8 11. bxc3 Nc6 12. Bd3 Ne5 13. Ne2 Qa6 14. O-O Nxd3 15. Qxd3 d5 16. Bg5 Rd7 17. Nf4 Qxc4 18. Qg3 f6 19. Bxf6 Rf7 20. Nh5 Qe2 21. f3 Qe3+ 22. Kh1 Qh6 23. Qh4 Bd7 24. Be5 Bb5 25. Nf6+ Rxf6 26. Qh3 Qxh3 0-1

[Event "January 9 Late 2024"]
[Site "https://www.chess.com"]
[Date "2024.01.09"]
[Round "2"]
[White "Serban, Cristian-Stefan"]
[Black "Biernacki, Mark"]
[Result "1-0"]
[Board "166"]
[TimeControl "180+1"]
[WhiteFideId "1241443"]
[BlackFideId "2082322"]
[WhiteElo "2546"]
[BlackElo "2343"]
[WhiteTeam "ROU"]
[BlackTeam "USA"]
[WhiteClock "0:00:11"]
[BlackClock "0:00:00"]

1. Nf3 d5 2. e3 Bg4 3. b3 c6 4. Ba3 Nf6 5. Be2 Nbd7 6. d4 a5 7. O-O a4 8. Nbd2 axb3 9. axb3 b5 10. h3 Bh5 11. c4 bxc4 12. bxc4 e6 13. Bxf8 Nxf8 14. cxd5 cxd5 15. Ne5 Rxa1 16. Bb5+ N8d7 17. Qxa1 O-O 18. Nxd7 Nxd7 19. Rc1 Nf6 20. Bd3 Bg6 21. Bxg6 hxg6 22. Nb3 Ne4 23. Nc5 Nd6 24. Rb1 Qh4 25. Qa7 Ne4 26. Nd3 Qg5 27. Rb8 Rxb8 28. Qxb8+ Kh7 29. Qc7 Qf6 30. f3 Nd2 31. Ne5 Qg5 32. Qc3 Nc4 33. Nxf7 Qxe3+ 34. Qxe3 Nxe3 35. Ng5+ Kg8 36. Nxe6 Nc2 37. Kf2 Kf7 38. Nf4 Nxd4 39. Nxd5 Ne6 40. Ke3 g5 41. Nc3 Kg6 42. Ne4 Nf4 43. Nf2 Nxg2+ 44. Ke4 Nf4 45. Ke5 1-0

[Event "January 9 Late 2024"]
[Site "https://www.chess.com"]
[Date "2024.01.09"]
[Round "2"]
[White "Ratnesan, Ranesh"]
[Black "Sadovsky, Artem"]
[Result "0-1"]
[Board "167"]
[TimeControl "180+1"]
[WhiteFideId "439339"]
[BlackFideId "4155840"]
[WhiteElo "2341"]
[BlackElo "2545"]
[WhiteTeam "ENG"]
[BlackTeam "FID"]
[WhiteClock "0:00:42"]
[BlackClock "0:01:31"]

1. d4 g6 2. Nf3 Bg7 3. g3 d6 4. Bg2 e5 5. dxe5 dxe5 6. Qxd8+ Kxd8 7. Nc3 f6 8. b3 c6 9. a4 Be6 10. Be3 Nd7 11. O-O-O Bh6 12. Bxh6 Nxh6 13. Nd2 Ke7 14. Kb2 a5 15. e4 Nf7 16. Bf1 Nd6 17. Be2 Nc5 18. f3 h5 19. h4 Rhb8 20. Ra1 b5 21. Nf1 b4 22. Nb1 Bf7 23. Ne3 Ne6 24. Bd3 Nd4 25. f4 c5 26. Nd2 Rd8 27. Rad1 Ra7 28. Ndc4 Bxc4 29. Bxc4 Nxe4 30. fxe5 fxe5 31. Nd5+ Rxd5 32. Bxd5 Nf2 33. Rde1 Nxh1 34. Rxh1 Nf5 35. Rg1 Kf6 36. Be4 Rd7 37. Kc1 Rd4 38. Bc6 Rg4 0-1

[Event "January 9 Late 2024"]
[Site "https://www.chess.com"]
[Date "2024.01.09"]
[Round "2"]
[White "Smiech, Sara"]
[Black "Doluhanova, Evgeniya"]
[Result "0-1"]
[Board "168"]
[TimeControl "180+1"]
[WhiteFideId "91102863"]
[BlackFideId "14112035"]
[WhiteElo "2545"]
[BlackElo "2340"]
[WhiteTeam "POL"]
[BlackTeam "UKR"]
[WhiteClock "0:00:17"]
[BlackClock "0:00:56"]

1. e4 c5 2. Nf3 d6 3. d4 cxd4 4. Nxd4 Nf6 5. Nc3 a6 6. Be3 e5 7. Nb3 Be7 8. Qd2 O-O 9. O-O-O Bd7 10. f4 b5 11. f5 b4 12. Nd5 Nxd5 13. Qxd5 Bc6 14. Qd3 a5 15. Nd2 Nd7 16. Nc4 Nc5 17. Bxc5 dxc5 18. Nxe5 Bb7 19. Be2 Qc7 20. Ng4 Bg5+ 21. Kb1 h5 22. h4 Rfd8 23. Qc4 Ba6 24. Qxa6 Rxa6 25. Bxa6 Rxd1+ 26. Rxd1 Bxh4 27. Ne3 Bf6 28. Nd5 Qe5 29. Nxf6+ Qxf6 30. Bc4 Qh4 31. Bd5 Qg4 32. Rd2 Qf4 33. Rd1 Qf2 34. b3 Qxg2 35. e5 Qe2 36. Bxf7+ Kxf7 37. Rd7+ Kf8 38. Rd8+ Ke7 39. Rg8 Qxe5 0-1

[Event "January 9 Late 2024"]
[Site "https://www.chess.com"]
[Date "2024.01.09"]
[Round "2"]
[White "Ferreira, Vitor Hugo Vieira"]
[Black "Joel Paul Ganta"]
[Result "1-0"]
[Board "169"]
[TimeControl "180+1"]
[WhiteFideId "2119765"]
[BlackFideId "35066145"]
[WhiteElo "2544"]
[BlackElo "2340"]
[WhiteTeam "BRA"]
[BlackTeam "IND"]
[WhiteClock "0:00:06"]
[BlackClock "0:00:00"]

1. d4 Nf6 2. c4 e6 3. Nf3 d5 4. Nc3 Bb4 5. cxd5 exd5 6. Bg5 c6 7. Qc2 Nbd7 8. e3 O-O 9. Bd3 h6 10. Bh4 Re8 11. O-O Bf8 12. Rab1 g5 13. Bg3 Bg7 14. Ne5 Nxe5 15. Bxe5 Nh5 16. Bxg7 Kxg7 17. b4 Be6 18. b5 cxb5 19. Rxb5 b6 20. Qb3 Nf6 21. f4 gxf4 22. Rxf4 Qd7 23. Ne2 Rac8 24. Ng3 Rc1+ 25. Nf1 Rec8 26. Qa3 Rd1 27. Rb3 Rcc1 28. Rc3 Ra1 29. Qb2 Qe7 30. Qf2 Ne4 31. Bxe4 dxe4 32. Qg3+ Kf8 33. Rf2 Qg5 34. Qd6+ Kg7 35. h4 Qxh4 36. Rc7 Rxf1+ 37. Rxf1 Rxf1+ 38. Kxf1 Qf6+ 39. Kg1 Kg6 40. Qg3+ Qg5 41. Qxg5+ Kxg5 42. Rxa7 Kg4 43. Kf2 1-0

[Event "January 9 Late 2024"]
[Site "https://www.chess.com"]
[Date "2024.01.09"]
[Round "2"]
[White "Laskakis, Konstantinos"]
[Black "Przybylski, Wojciech"]
[Result "0-1"]
[Board "170"]
[TimeControl "180+1"]
[WhiteFideId "42134374"]
[BlackFideId "1117599"]
[WhiteElo "2340"]
[BlackElo "2543"]
[WhiteTeam "GRE"]
[BlackTeam "POL"]
[WhiteClock "0:00:04"]
[BlackClock "0:00:09"]

1. d4 Nf6 2. c4 e6 3. Nc3 d5 4. Bg5 Be7 5. Nf3 O-O 6. e3 Nbd7 7. Qc2 c5 8. dxc5 Nxc5 9. cxd5 exd5 10. Bd3 Nxd3+ 11. Qxd3 Be6 12. O-O h6 13. Bh4 Qb6 14. Rab1 Rfd8 15. Nd4 Rac8 16. Rfd1 a6 17. Rd2 Rc4 18. Rbd1 Rdc8 19. Qb1 g5 20. Bg3 Bb4 21. Nf5 Bf8 22. Be5 Ne4 23. Nxd5 Bxd5 24. Rxd5 Qg6 25. Bd4 Nd6 26. Nxd6 Qxb1 27. Bc3 Qc2 28. Nxc4 Rxc4 29. Rd8 Kh7 30. Rxf8 Qxd1+ 31. Be1 Qxe1# 0-1

[Event "January 9 Late 2024"]
[Site "https://www.chess.com"]
[Date "2024.01.09"]
[Round "2"]
[White "Melamed, Daniel"]
[Black "Mendez Fortes, Eduardo Jesus"]
[Result "0-1"]
[Board "171"]
[TimeControl "180+1"]
[WhiteFideId "3229076"]
[BlackFideId "3502376"]
[WhiteElo "2340"]
[BlackElo "2542"]
[WhiteTeam "AUS"]
[BlackTeam "CUB"]
[WhiteClock "0:00:29"]
[BlackClock "0:01:15"]

1. d4 Nf6 2. Nf3 d5 3. Bf4 c5 4. e3 Nc6 5. c3 Qb6 6. Qc2 Bg4 7. Nbd2 e6 8. Ne5 Nxe5 9. Bxe5 Nd7 10. Bg3 Be7 11. Bd3 Bh5 12. O-O Bg6 13. b3 O-O 14. Rad1 Rac8 15. Rfe1 cxd4 16. exd4 Bb4 17. Bxg6 hxg6 18. Re3 Nf6 19. Rc1 Ba3 20. Rb1 Qxd4 21. b4 Bxb4 22. Be5 Qc5 23. Qa4 Ng4 24. cxb4 Qc2 25. Qa3 Nxe5 26. Qb2 Qxb2 27. Rxb2 Rc1+ 28. Nf1 Nc4 0-1

[Event "January 9 Late 2024"]
[Site "https://www.chess.com"]
[Date "2024.01.09"]
[Round "2"]
[White "Sohier, Julien"]
[Black "Palencia Morales, Wilson Guillermo"]
[Result "1-0"]
[Board "172"]
[TimeControl "180+1"]
[WhiteFideId "645346"]
[BlackFideId "4401859"]
[WhiteElo "2332"]
[BlackElo "2542"]
[WhiteTeam "FRA"]
[BlackTeam "COL"]
[WhiteClock "0:00:57"]
[BlackClock "0:00:00"]

1. e4 c5 2. Nc3 Nc6 3. Bb5 Nd4 4. Nf3 Nxb5 5. Nxb5 a6 6. Nc3 d6 7. d4 cxd4 8. Qxd4 e5 9. Qd3 h6 10. Be3 Nf6 11. Nd2 Be6 12. Nc4 Rc8 13. Nb6 Rc6 14. Nbd5 Bxd5 15. Nxd5 Nxd5 16. exd5 Rc8 17. O-O Be7 18. c4 O-O 19. b4 f5 20. f4 e4 21. Qb3 Bf6 22. Rac1 b6 23. Rfd1 Qc7 24. c5 bxc5 25. bxc5 dxc5 26. d6+ Qf7 27. Rxc5 Qxb3 28. axb3 Kf7 29. Rxf5 Rc3 30. Rxf6+ gxf6 31. d7 1-0

[Event "January 9 Late 2024"]
[Site "https://www.chess.com"]
[Date "2024.01.09"]
[Round "2"]
[White "Kekic, Armin"]
[Black "Koc, Przemyslaw"]
[Result "1-0"]
[Board "173"]
[TimeControl "180+1"]
[WhiteFideId "14401274"]
[BlackFideId "1109081"]
[WhiteElo "2326"]
[BlackElo "2540"]
[WhiteTeam "BIH"]
[BlackTeam "POL"]
[WhiteClock "0:01:11"]
[BlackClock "0:00:59"]

1. e4 c5 2. Nf3 Nf6 3. Nc3 Nc6 4. Bb5 Nd4 5. Bc4 e6 6. d3 a6 7. Nxd4 cxd4 8. Ne2 Bc5 9. Bg5 h6 10. Bh4 Qa5+ 11. Qd2 Qxd2+ 12. Kxd2 d6 13. h3 b5 14. Bb3 Nd7 15. c3 dxc3+ 16. bxc3 Bb7 17. f3 d5 18. Rhf1 O-O 19. a4 b4 20. cxb4 Bxb4+ 21. Ke3 g5 22. Be1 Bc5+ 23. d4 Ba7 24. Ba5 Rfe8 25. exd5 Bxd5 26. Bxd5 exd5+ 27. Kd3 Nb6 28. Bxb6 Bxb6 29. Rfc1 Re6 30. Ng3 Rae8 31. Nf5 Kh7 32. a5 Bd8 33. Rc8 Kg6 34. g4 Bf6 35. Rxe8 Rxe8 36. Rb1 Rb8 37. Rxb8 1-0